Map: [ESL] Solaris

Players

ForJumy

  • Race: Protoss Protoss
  • Spawn Location: 1:00

YoungYakov - Winner!

  • Race: Zerg Zerg
  • Spawn Location: 7:00

Event: ESL SC2 Masters 2023 Winter (Regional)

VOD

Have the link to the VOD?

Description

Time

  • Played on: Oct. 29, 2023, 10:11 a.m.
  • Length: 7:54

All games in this series

Show
View Real Time Build Order
Export as new Build Order

ForJumy Protoss 

Build Orders: 1 Gate Expand, Oracle Opening 

Get SALT Encoding   

  12  0:00  Probe  
  13  0:12  Probe  
  14  0:18  Pylon  
  14  0:24  Probe  
  15  0:36  Probe (Chrono Boost)  
  15  0:40  Gateway  
  16  0:46  Probe (Chrono Boost)  
  17  0:51  Assimilator, Probe (Chrono Boost)  
  18  1:03  Probe  
  19  1:15  Probe  
  20  1:25  Nexus  
  20  1:35  Cybernetics Core  
  20  1:38  Probe  
  21  1:44  Assimilator  
  21  1:50  Probe  
  21  1:54  Pylon  
  22  2:02  Probe  
  23  2:09  Adept (Chrono Boost)  
  23  2:14  Probe  
  26  2:20  Stargate  
  27  2:30  Probe (Chrono Boost), Adept (Chrono Boost)  
  29  2:37  Probe (Chrono Boost)  
  31  2:44  Warp Gate  
  31  2:46  Probe x2 (Chrono Boost)  
  32  2:51  Probe (Chrono Boost)  
  32  2:53  Probe  
  34  3:00  Stalker  
  34  3:03  Probe  
  34  3:05  Probe  
  38  3:10  Oracle (Chrono Boost)  
  36  3:15  Probe  
  36  3:17  Probe  
  41  3:20  Gateway  
  41  3:28  Probe  
  41  3:29  Probe, Pylon  
  43  3:40  Probe  
  44  3:41  Probe  
  44  3:44  Oracle (Chrono Boost)  
  48  3:52  Probe  
  48  3:54  Probe  
  50  4:02  Nexus, Pylon  
  50  4:05  Probe  
  50  4:07  Probe  
  51  4:14  Oracle (Chrono Boost)  
  54  4:20  Probe  
  54  4:21  Probe  
  54  4:23  Pylon  
  56  4:25  Assimilator  
  56  4:27  Assimilator  
  56  4:33  Probe  
  56  4:34  Shield Battery, Adept x2  
  56  4:37  Probe  
  62  4:39  Pylon  
  62  4:45  Probe  
  63  4:51  Probe  
  61  4:57  Adept x2, Probe  
  66  5:03  Probe  
  66  5:04  Twilight Council, Forge  
  67  5:09  Probe  
  67  5:10  Gateway  
  67  5:12  Gateway  
  68  5:14  Probe  
  68  5:17  Robotics Facility  
  68  5:18  Probe  
  70  5:26  Probe (Chrono Boost)  
  69  5:29  Probe (Chrono Boost)  
  69  5:33  Stalker x2  
  70  5:40  Protoss Ground Weapons Level 1  
  70  5:42  Blink (Chrono Boost), Probe (Chrono Boost)  
  68  5:46  Probe (Chrono Boost)  
  68  5:47  Pylon, Probe (Chrono Boost)  
  70  5:50  Probe (Chrono Boost)  
  70  5:52  Gateway  
  70  5:55  Gateway  
  71  6:02  Photon Cannon  
  71  6:03  Stalker x2  
  74  6:08  Shield Battery  
  72  6:11  Photon Cannon  
  72  6:14  Immortal (Chrono Boost)  
  76  6:18  Zealot  
  76  6:22  Shield Battery  
  76  6:25  Shield Battery  
  78  6:27  Stalker  
  78  6:32  Shield Battery  
  80  6:33  Stalker  
  80  6:34  Sentry  
  80  6:37  Cybernetics Core  
  84  6:43  Zealot  
  84  6:47  Immortal (Chrono Boost)  
  86  6:48  Pylon  
  81  6:55  Pylon  
  81  6:57  Zealot x4  
  81  7:00  Probe  
  81  7:01  Probe  
  82  7:13  Probe  
  82  7:14  Void Ray  
  82  7:15  Probe  
  73  7:17  Stalker x2  
  73  7:18  Sentry x2  
  73  7:20  Sentry  
  72  7:33  Probe  
  72  7:34  Probe  
  72  7:35  Zealot  
  72  7:41  Stalker x2  
  64  7:45  Zealot  
Show
View Real Time Build Order
Export as new Build Order

YoungYakov Zerg - Winner!

Build Orders: Hatch First 

Get SALT Encoding   

  12  0:00  Drone  
  13  0:12  Overlord  
  13  0:16  Drone  
  14  0:31  Drone x2  
  16  0:46  Drone  
  17  0:52  Hatchery  
  17  0:54  Drone  
  17  0:58  Drone  
  18  1:08  Extractor  
  17  1:13  Spawning Pool  
  17  1:15  Drone  
  17  1:19  Drone  
  18  1:28  Drone  
  19  1:39  Drone  
  20  1:50  Overlord  
  20  2:00  Queen  
  22  2:04  Queen  
  22  2:05  Zergling x4  
  26  2:10  Drone  
  26  2:12  Metabolic Boost  
  27  2:17  Drone  
  28  2:24  Drone  
  28  2:28  Drone  
  30  2:34  Drone  
  31  2:40  Drone  
  31  2:43  Drone  
  31  2:44  Queen  
  33  2:50  Hatchery  
  34  2:57  Overlord  
  34  3:02  Drone, Spore Crawler  
  34  3:03  Drone  
  33  3:07  Spore Crawler  
  33  3:10  Drone  
  33  3:11  Drone  
  33  3:12  Overlord  
  35  3:15  Queen  
  35  3:18  Drone  
  38  3:22  Drone x2  
  38  3:25  Drone  
  41  3:28  Drone  
  41  3:30  Drone  
  41  3:31  Drone  
  44  3:35  Spore Crawler  
  44  3:38  Drone  
  44  3:41  Queen  
  44  3:44  Drone  
  47  3:48  Drone  
  47  3:51  Drone x2  
  47  3:54  Spore Crawler  
  49  3:56  Overlord  
  49  3:57  Drone  
  49  3:59  Zergling x2  
  51  4:05  Zergling x4  
  51  4:06  Queen  
  55  4:14  Drone  
  55  4:15  Drone  
  57  4:18  Drone x2  
  57  4:21  Drone x2  
  57  4:22  Overlord  
  61  4:26  Drone x2  
  61  4:27  Drone x2  
  65  4:32  Lair  
  65  4:37  Drone  
  66  4:40  Roach Warren  
  64  4:48  Drone x4  
  66  4:53  Pneumatized Carapace, Extractor  
  66  4:54  Extractor  
  66  4:55  Extractor  
  66  4:57  Drone x3  
  66  5:00  Drone x3, Overlord  
  66  5:03  Overlord  
  66  5:05  Overlord  
  68  5:07  Zergling x4  
  68  5:08  Overlord  
  68  5:12  Spore Crawler  
  69  5:20  Zergling x6  
  72  5:27  Drone x3  
  69  5:31  Roach x7  
  82  5:38  Roach x2  
  85  5:43  Roach  
  85  5:49  Zergling x2, Overlord x2  
  88  5:51  Roach x2  
  88  5:56  Ravager  
  93  5:57  Zergling x6  
  93  6:02  Zergling x8  
  100  6:08  Zergling x2, Ravager  
  100  6:09  Zergling x2  
  101  6:14  Zergling x2  
  101  6:15  Ravager  
  101  6:18  Zergling x4, Queen x2  
  104  6:23  Ravager  
  109  6:28  Zergling x14  
  109  6:31  Overlord  
  114  6:33  Ravager  
  114  6:39  Zergling x8  
  104  6:54  Zergling x14, Queen  
  106  7:06  Zergling x8  
  108  7:08  Hatchery  
  108  7:11  Zergling x4  
  108  7:12  Zergling x4  
  104  7:20  Drone x4, Evolution Chamber  
  102  7:24  Spire  
  98  7:31  Drone x6  
Tags
 
Add a new tag
Caveats
  • Supply blocks, unpowered buildings, or Contaminate may cause inaccurate times.
  • Supply counts are checked every 10 seconds.